 Dungeon Crawl Stone Soup version 0.28.0-45-g0d030f2227 (webtiles) character file.

Game seed: 34975806017133017

1885 zeratav the Cleaver (level 8, -7/74 HPs)
             Began as a Minotaur Berserker on Apr 2, 2022.
             Was an Elder of Trog.
             Mangled by an orc warrior
             ... wielding a +0 scimitar
              (14 damage)
             ... on level 5 of the Dungeon.
             The game lasted 00:16:36 (6030 turns).

zeratav the Cleaver (Minotaur Berserker)            Turns: 6030, Time: 00:16:37

Health: -7/74      AC: 10    Str: 24    XL:     8   Next: 92%
Magic:  7/7        EV:  9    Int:  4    God:    Trog [****..]
Gold:   172        SH:  4    Dex: 10    Spells: 7/7 levels left

rFire   . . .      SeeInvis .   a - +1 hand axe
rCold   + . .      Faith    .   e - +0 buckler
rNeg    . . .      Spirit   .   b - +0 chain mail
rPois   .          Reflect  .   (helmet restricted)
rElec   .          Harm     .   u - +0 cloak
rCorr   .          Rampage  .   (no gloves)
Will    .....                   (no boots)
Stlth   ..........              n - amulet of regeneration
HPRegen 1.02/turn               s - ring of protection from cold
MPRegen 0.10/turn               (no ring)

@: no status effects
A: horns 2, retaliatory headbutt
a: Renounce Religion, Berserk, Trog's Hand, Brothers in Arms


You were on level 5 of the Dungeon.
You worshipped Trog.
Trog was greatly pleased with you.
You visited 1 branch of the dungeon, and saw 5 of its levels.
You also visited: Ossuary.

You collected 172 gold pieces.

Inventory:

Hand Weapons
 a - a +1 hand axe (weapon)
Missiles
 c - 51 stones (quivered)
Armour
 b - a +0 chain mail (worn)
 e - a +0 buckler (worn)
 u - a +0 cloak (worn)
Jewellery
 n - an amulet of regeneration (around neck)
 s - a ring of protection from cold (left hand)
Wands
 i - a wand of polymorph (12)
 A - a wand of mindburst (4)
 D - a wand of iceblast (9)
Scrolls
 g - 2 scrolls of enchant weapon
 j - 6 scrolls of identify {unknown}
 k - 2 scrolls of noise {unknown}
 l - a scroll of fog {unknown}
 q - 4 scrolls of teleportation {unknown}
 t - 2 scrolls of immolation {unknown}
 v - a scroll of enchant armour {unknown}
 B - a scroll of fear {unknown}
Potions
 d - a potion of resistance {unknown}
 f - a potion of heal wounds {unknown}
 m - 4 potions of curing {unknown}
 o - 2 potions of magic {unknown}
 p - a potion of degeneration {unknown}
 r - 2 potions of brilliance {unknown}
 w - 2 potions of might {unknown}
 x - 2 potions of lignification {unknown}
 z - a potion of cancellation {unknown}
 C - a potion of flight {unknown}


   Skills:
 + Level 8.0 Fighting
 + Level 9.9 Axes
 * Level 4.6 Armour
 - Level 4.6 Dodging
 + Level 2.0 Stealth
 + Level 2.5 Shields
 + Level 0.4 Unarmed Combat


You had 7 spell levels left.
You didn't know any spells.
Your spell library was empty.

Dungeon Overview and Level Annotations

Branches:
Dungeon (5/15)             Temple (0/1) D:5         Ossuary (visited)

Altars:
Cheibriados
Gozag
Makhleb
Ru


Innate Abilities, Weirdness & Mutations

You have a pair of horns on your head.
You reflexively headbutt those who attack you in melee.


Message History

The orc hits you but does no damage.
You slash the orc warrior! You headbutt the orc warrior.
The orc warrior is almost dead.
You hit the orc but do no damage. You block the orc warrior's attack.
You block the orc's attack.
You closely miss the orc warrior. Your headbutt misses the orc warrior.
The orc warrior is almost dead.
You hit the orc.
You kill the orc!
Trog accepts your kill.
The orc warrior hits you but does no damage.
You closely miss the orc warrior.
The orc warrior is almost dead.
The orc warrior hits you with a +0 scimitar!
You are too injured to fight recklessly!
You are too injured to fight recklessly!
You barely miss the orc warrior.
The orc warrior is almost dead.
The orc warrior hits you with a +0 scimitar!
* * * LOW HITPOINT WARNING * * *
You hit the orc warrior.
The orc warrior is almost dead.
You hit the orc warrior but do no damage.
The orc warrior is almost dead.
You block the orc warrior's attack.
You hit the orc warrior but do no damage.
The orc warrior is almost dead.
The orc warrior barely misses you.
You closely miss the orc warrior.
The orc warrior is almost dead.
The orc warrior completely misses you. You furiously retaliate!
You headbutt the orc warrior, but do no damage.
You hit the orc warrior but do no damage.
The orc warrior is almost dead.
The orc warrior hits you with a +0 scimitar!
* * * LOW HITPOINT WARNING * * *
You barely miss the orc warrior.
The orc warrior is almost dead.
The orc warrior hits you with a +0 scimitar!
You die...

#######
##.........####...
# #.........## ##.#
# #.##.....## ###
##.###...##
##...###'# ## .
##.....##.# ##.
#..#.......#.# #..
#....)o_.....## ##.
...##.).@...#.[##
#. ##.....##...# #.
##...##...## #.
##.####.##########.
...................
###################


You could see an orc warrior.

Vanquished Creatures
  Sigmund (D:2)
  Edmund (D:5)
  An ice beast (D:5)
  A necrophage (D:4)
  4 ogres
  An elf zombie (Ossuary)
  A bullfrog (D:4)
  2 scorpions
  2 jellies (D:5)
  A centaur zombie (Ossuary)
  A bullfrog zombie (D:5)
  2 hounds
  A human zombie (Ossuary)
  2 orc priests (D:5)
  An iron imp (D:4)
  Jessica (D:3)
  An iguana (D:4)
  2 orc wizards (D:5)
  7 hound zombies (Ossuary)
  2 hound skeletons
  3 mummies (Ossuary)
  A howler monkey skeleton (D:4)
  10 adders
  7 gnolls
  2 adder skeletons (D:4)
  2 worms
  4 dart slugs
  7 orcs (D:5)
  13 endoplasms
  5 giant cockroaches
  11 hobgoblins
  4 jackals (D:2)
  2 kobolds
  2 quokkas
  7 ball pythons
  3 bats
  7 frilled lizards
  6 goblins
  2 goblin zombies (Ossuary)
  2 hobgoblin zombies (Ossuary)
  5 jackal zombies (Ossuary)
  4 kobold zombies (Ossuary)
  2 orc zombies (Ossuary)
  3 quokka zombies (Ossuary)
  9 rats
  4 rat zombies (Ossuary)
162 creatures vanquished.

Notes
Turn   | Place    | Note
-------+----------+-------------------------------------------
     0 | D:1      | zeratav the Minotaur Berserker began the quest for the Orb.
     0 | D:1      | Reached XP level 1. HP: 19/19 MP: 0/0
   258 | D:1      | Reached XP level 2. HP: 27/27 MP: 1/1
   295 | D:1      | Reached skill level 4 in Axes
  1020 | D:1      | Reached ** piety under Trog
  1021 | D:1      | Reached XP level 3. HP: 33/33 MP: 2/2
  1262 | D:2      | Reached XP level 4. HP: 20/41 MP: 3/3
  1263 | D:2      | Reached skill level 5 in Axes
  1847 | D:2      | Noticed Sigmund
  1887 | D:2      | Killed Sigmund
  1888 | D:2      | Reached skill level 5 in Fighting
  1888 | D:2      | Reached skill level 6 in Axes
  1888 | D:2      | Reached XP level 5. HP: 35/48 MP: 4/4
  2000 | D:2      | Found a faded altar of an unknown god.
  2023 | D:2      | Reached XP level 6. HP: 29/56 MP: 5/5
  3244 | D:3      | Noticed Jessica
  3247 | D:3      | Killed Jessica
  3248 | D:3      | Reached *** piety under Trog
  3587 | D:3      | Reached skill level 7 in Axes
  3587 | D:3      | Reached skill level 1 in Stealth
  3600 | D:3      | Found a burning altar of Makhleb.
  3759 | D:3      | Reached skill level 1 in Shields
  3759 | D:3      | Reached XP level 7. HP: 51/63 MP: 6/6
  4294 | D:4      | Found a sand-covered staircase.
  4306 | Ossuary  | Entered an ossuary
  4343 | Ossuary  | Reached **** piety under Trog
  4357 | Ossuary  | Reached skill level 8 in Axes
  4538 | Ossuary  | Reached XP level 8. HP: 70/73 MP: 7/7
  4763 | D:4      | Found a snail-covered altar of Cheibriados.
  4824 | D:4      | Found a sacrificial altar of Ru.
  5218 | D:5      | Entered Level 5 of the Dungeon
  5319 | D:5      | Reached skill level 9 in Axes
  5605 | D:5      | Noticed Edmund
  5623 | D:5      | Killed Edmund
  5749 | D:5      | Found a staircase to the Ecumenical Temple.
  5998 | D:5      | Found an opulent altar of Gozag.
  6030 | D:5      | Mangled by an orc warrior

Illustrated notes

Levels and vault maps discovered:
D:1:      nzn_arrival_crosshair, layout_basic
D:2:      layout_basic, nicolae_ecumenical_snake_handling,
          kennysheep_small_spiral, minmay_misc_feat_diagonals,
          minmay_misc_feat_square, uniq_sigmund
D:3:      layout_basic, bloody_makhleb, st_stairs_14, chequers_avenue,
          uniq_jessica
D:4:      layout_basic, nicolae_ru_the_path_less_chosen, slow_altar_1,
          chequers_ossuary_entry_cave
D:5:      layout_loops_corners, lemuel_round_altar,
          minmay_temple_entry_proselytizer, uniq_edmund

Skill      XL: |  1  2  3  4  5  6  7  8 |
---------------+-------------------------+-----
Fighting       | 4 5 6 7 8 |  8.0
Axes           | 4 6 7 8 9 |  9.9
Dodging        | 3 4 |  4.6
Stealth        | 1 2 |  2.0
Shields        | 1 2 |  2.5
Armour         | 4 |  4.6
Unarmed Combat | |  0.4

Action                   |  1- 3 |  4- 6 |  7- 9 || total
-------------------------+-------+-------+-------++-------
Melee: Hand axe          |    63 |   122 |   264 ||   449
       Headbutt          |     9 |    17 |    61 ||    87
       Unarmed           |       |     7 |       ||     7
Invok: Berserk           |     1 |     1 |     1 ||     3
       Trog's Hand       |       |       |     1 ||     1
  Use: Scroll            |       |       |     2 ||     2
 Stab: Sleeping          |       |     1 |       ||     1
Armor: Animal skin       |     7 |    14 |    30 ||    51
       Ring mail         |       |       |    18 ||    18
       Chain mail        |       |       |     9 ||     9
Dodge: Dodged            |    33 |    65 |   125 ||   223
Block: Buckler           |     4 |    11 |    39 ||    54
